 Dungeon Crawl Stone Soup version 0.22.1-6-g1668fe2c40 (webtiles) character file.

1215 NochnoyZador the Basher (level 8, -6/46 HPs)
             Began as a Gargoyle Fighter on Jan 21, 2019.
             Mangled by an iguana (8 damage)
             ... on level 5 of the Dungeon.
             The game lasted 00:13:58 (4668 turns).

NochnoyZador the Basher (Gargoyle Fighter)          Turns: 4668, Time: 00:13:59

Health: -6/46      AC: 21    Str: 22    XL:     8   Next: 46%
Magic:  8/8        EV:  7    Int:  9    God:
Gold:   301        SH:  9    Dex: 12    Spells: 7/7 levels left

rFire    . . .     SeeInvis .   y - +0 mace (protect)
rCold    . . .     Gourm    .   c - +0 shield
rNeg     + . .     Faith    .   b - +0 scale mail
rPois    ∞         Spirit   .   F - +2 hat
rElec    +         Reflect  .   (no cloak)
rCorr    .         Harm     .   (no gloves)
MR       .....                  (no boots)
Stlth    ..........             C - amulet of magic regeneration
HPRegen  0.15/turn              A - ring of flight
MPRegen  0.36/turn              G - +3 ring of dexterity

@: protection aura
A: negative energy resistance 1, electricity resistance, unbreathing,
petrification resistance, rot immunity, AC +5
a: Evoke Flight


You were on level 5 of the Dungeon.
You were hungry.

You visited 1 branch of the dungeon, and saw 5 of its levels.
You also visited: Sewer.

You collected 301 gold pieces.

Inventory:

Hand Weapons
 a - a +0 flail
 y - a +0 mace of protection (weapon)
 H - the cursed +1 dagger of Oguissewk {freeze, *Rage Int-3 SInv Stlth+, unknown}
   (You found it on level 5 of the Dungeon)

   It has been specially enchanted to freeze those struck by it, causing extra
   injury to most foes and up to half again as much damage against particularly
   susceptible opponents.
   It can also slow down cold-blooded creatures.
   It affects your intelligence (-3).
   It lets you see invisible.
   It may make you go berserk in combat.
   It makes you more stealthy.
   It has a curse placed upon it.
Missiles
 m - 62 arrows
 n - 206 stones (quivered)
 s - 53 sling bullets
Armour
 b - a +0 scale mail (worn)
 c - a +0 shield (worn)
 w - a +0 large shield
 F - a +2 hat (worn)
Jewellery
 r - a cursed ring of teleportation {unknown}
 A - a ring of flight (left hand)
 C - an amulet of magic regeneration (around neck)
 G - a +3 ring of dexterity (right hand)
Wands
 p - a wand of acid (8)
 x - a wand of digging (19)
Scrolls
 e - 2 scrolls of noise
 g - 3 scrolls of identify
 l - 4 scrolls of fog
 u - 2 scrolls of amnesia
 v - a scroll of fear
 z - a scroll of teleportation {unknown}
 B - 2 scrolls of remove curse {unknown}
Potions
 d - a potion of might
 h - a potion of agility {unknown}
 i - a potion of cancellation {unknown}
 j - a potion of invisibility {unknown}
 k - 2 potions of mutation {unknown}
 o - 2 potions of brilliance {unknown}
 q - 4 potions of magic {unknown}
 t - 2 potions of heal wounds {unknown}
 D - 2 potions of haste {unknown}
Comestibles
 f - 4 rations
 E - a chunk of flesh


   Skills:
 * Level 3.4 Fighting
 * Level 9.8 Maces & Flails
 * Level 3.5 Armour
 * Level 3.6 Shields


You had 7 spell levels left.
You didn't know any spells.
Your spell library was empty.

Dungeon Overview and Level Annotations

Branches:
Dungeon (5/15)
 Temple: D:4-7

Altars:
Zin

Annotations:
D:5 3 runed doors


Innate Abilities, Weirdness & Mutations

You are resistant to torment.
Your stone body is resilient. (AC +5)
You are immune to poison.
You resist negative energy. (rN+)
You are resistant to electric shocks. (rElec)
You can survive without breathing.
You are immune to petrification.
You are immune to rotting.


Message History

The ice beast freezes you!
* * * LOW HITPOINT WARNING * * *
You sock the ice beast!
The ice beast is severely wounded.
The iguana bites you but does no damage.
The ice beast completely misses you.
You hit the ice beast.
The ice beast is almost dead.
You block the iguana's attack.
The ice beast hits you but does no damage.
You hit the ice beast but do no damage.
The ice beast is almost dead.
The iguana bites you!
* * * LOW HITPOINT WARNING * * *
The ice beast hits you but does no damage.
You hit the ice beast.
You kill the ice beast!
The iguana bites you but does no damage.
The iguana bites you!
You die...

#.###. #..#.. #....
#.... .### ##....
....## #.....
......#### ##....
.........#### #..###
.......@.^..#######.##
......l.#..........##
..............####.#
...........#### ##.#
........#### .#
.......## .. .......
#.# ....... .# .......
#.


You could see an iguana.

Vanquished Creatures
  Prince Ribbit (D:5)
  Sigmund (D:2)
  An ice beast (D:5)
  A sky beast (D:5)
  An ogre (D:4)
  A scorpion (D:5)
  A crimson imp (D:5)
  A centaur skeleton (D:4)
  5 orc priests
  An iguana (D:4)
  Jessica (D:2)
  2 orc wizards (D:2)
  2 worker ants (D:4)
  6 adders
  A shadow imp (D:4)
  An ooze (D:1)
  An adder skeleton (D:4)
  A worm (D:4)
  A leopard gecko (D:4)
  22 orcs
  6 bats
  5 giant cockroaches
  3 goblins
  10 hobgoblins
  8 jackals
  A quokka (D:5)
  4 ball pythons
  10 frilled lizards
  13 kobolds
  7 rats
  A plant (Sewer)
120 creatures vanquished.

Notes
Turn   | Place    | Note
-------+----------+-------------------------------------------
     0 | D:1      | NochnoyZador the Gargoyle Fighter began the quest for the
                  | Orb.
     0 | D:1      | Reached XP level 1. HP: 14/14 MP: 1/1
     3 | D:1      | Noticed an electric eel
     3 | D:1      | Noticed an electric eel
   173 | D:1      | Reached XP level 2. HP: 19/19 MP: 2/2
   428 | D:1      | Reached skill level 3 in Maces & Flails
   639 | D:2      | Reached XP level 3. HP: 23/23 MP: 3/3
   678 | D:2      | Noticed Jessica
   687 | D:2      | Killed Jessica
   687 | D:2      | Reached skill level 4 in Maces & Flails
   687 | D:2      | Reached XP level 4. HP: 25/28 MP: 4/4
   777 | D:2      | Found a glowing silver altar of Zin.
   948 | D:2      | Noticed Sigmund
   964 | D:2      | Killed Sigmund
   964 | D:2      | Reached skill level 6 in Maces & Flails
   964 | D:2      | Reached XP level 5. HP: 23/32 MP: 5/5
  1158 | D:2      | Reached XP level 6. HP: 35/37 MP: 6/6
  2196 | D:4      | Reached skill level 7 in Maces & Flails
  2196 | D:4      | Reached XP level 7. HP: 15/41 MP: 7/7
  2529 | D:4      | Reached skill level 8 in Maces & Flails
  2551 | D:4      | Found a glowing drain.
  2632 | Sewer    | Entered a sewer
  3869 | D:5      | Entered Level 5 of the Dungeon
  3869 | D:5      | Noticed Prince Ribbit
  4120 | D:5      | Killed Prince Ribbit
  4120 | D:5      | Reached skill level 9 in Maces & Flails
  4120 | D:5      | Reached XP level 8. HP: 33/46 MP: 8/8
  4531 | D:5      | Found a runed gate.
  4542 | D:5      | Got a translucent dagger
  4572 | D:5      | Found a runed door.
  4582 | D:5      | Found a runed door.
  4584 | D:5      | Found the +9 staff of Olgreb {rPois}
  4666 | D:5      | HP: 2/46 [iguana (8)]
  4668 | D:5      | Mangled by an iguana

Skill      XL: |  1  2  3  4  5  6  7 |
---------------+----------------------+-----
Maces & Flails | 3 4 6 7 9 |  9.8
Fighting       | |  3.4
Armour         | |  3.5
Shields        | |  3.6

Action                   |  1- 3 |  4- 6 |  7- 9 || total
-------------------------+-------+-------+-------++-------
Melee: Flail             |    72 |   176 |    20 ||   268
       Mace              |       |       |   326 ||   326
Throw: Stone             |       |       |    31 ||    31
  Use: Scroll            |       |       |     4 ||     4
  Eat: Chunk             |       |     5 |     8 ||    13
Armor: Scale mail        |    43 |   102 |   161 ||   306
Dodge: Dodged            |    19 |    41 |    78 ||   138
Block: Shield            |    38 |    77 |   130 ||   245
